 Dungeon Crawl Stone Soup version 0.29-a0-317-gd16b76e6b1 (webtiles) character file.

Game seed: 4271002307312207879

27 sanka the Ducker (level 3, 0/35 HPs)
             Began as a Gnoll Monk on Mar 30, 2022.
             Slain by Terence
             ... wielding a +0 hand axe
              (3 damage)
             ... on level 2 of the Dungeon.
             The game lasted 00:00:58 (1025 turns).

sanka the Ducker (Gnoll Monk)                       Turns: 1025, Time: 00:00:59

Health: 0/35       AC:  2    Str: 12    XL:     3   Next: 10%
Magic:  3/3        EV: 15    Int:  9    God:
Gold:   28         SH:  0    Dex: 14    Spells: 3/3 levels left

rFire   . . .      SeeInvis .   a - +0 hand axe
rCold   . . .      Faith    .   (no shield)
rNeg    . . .      Spirit   .   b - +0 robe
rPois   .          Reflect  .   (no helmet)
rElec   .          Harm     .   (no cloak)
rCorr   .          Rampage  .   (no gloves)
Will    .....                   (no boots)
Stlth   +++.......              (no amulet)
HPRegen 0.11/turn               (no ring)
MPRegen 0.08/turn               (no ring)

@: no status effects
A: fangs 1, strong nose, distributed training
a: no special abilities


You were on level 2 of the Dungeon.
You visited 1 branch of the dungeon, and saw 2 of its levels.

You collected 28 gold pieces.


Innate Abilities, Weirdness & Mutations

You have very sharp teeth.
Your uncanny sense of smell can sniff out nearby items.
Your experience applies equally to all skills.


   Skills:
 + Level 6.5 Fighting
 + Level 0.6 Short Blades
 + Level 0.6 Long Blades
 + Level 6.5 Axes
 + Level 0.6 Maces & Flails
 + Level 0.6 Polearms
 + Level 0.6 Staves
 + Level 0.6 Slings
 + Level 0.6 Bows
 + Level 0.6 Crossbows
 + Level 0.6 Throwing
 + Level 0.6 Armour
 + Level 6.5 Dodging
 + Level 4.1 Stealth
 + Level 0.6 Shields
 + Level 0.6 Unarmed Combat
 + Level 0.6 Spellcasting
 + Level 0.4 Conjurations
 + Level 0.4 Hexes
 + Level 0.4 Summonings
 + Level 0.4 Necromancy
 + Level 0.4 Translocations
 + Level 0.4 Transmutations
 + Level 0.4 Fire Magic
 + Level 0.4 Ice Magic
 + Level 0.4 Air Magic
 + Level 0.4 Earth Magic
 + Level 0.4 Poison Magic
 + Level 0.8 Invocations
 + Level 0.6 Evocations


You had 3 spell levels left.
You didn't know any spells.
Your spell library was empty.

Inventory:

Hand Weapons
 a - a +0 hand axe (weapon)
Missiles
 j - 5 boomerangs (quivered)
Armour
 b - a +0 robe (worn)
Jewellery
 g - a ring of ice
Scrolls
 f - a scroll of enchant weapon {unknown}
 i - a scroll of immolation {unknown}
Potions
 c - a potion of ambrosia
 d - a potion of berserk rage {unknown}
 e - 2 potions of curing {unknown}
 h - a potion of attraction {unknown}

Dungeon Overview and Level Annotations

Branches:
Dungeon (2/15)

Altars:

Annotations:
D:2 Terence

▒.....[▒
▒......▒
▒......▒
▒...!..▒
▒▒▒......▒
.........▒
▒.....)▒
▒....g.▒
▒..£.@g▒
▒.▒▒▒........
▒. ▒.▒▒▒▒▒▒▒
..▒ ▒▒▒


You could see Terence and a goblin.


Message History

You hit the ball python.
You kill the ball python!
You closely miss the goblin. You hit Terence.
You hit the endoplasm but do no damage. The goblin barely misses you.
The endoplasm jiggles.
The endoplasm hits you.
* * * LOW HITPOINT WARNING * * *
Terence hits you but does no damage.
You hit the endoplasm.
You kill the endoplasm!
You barely miss Terence. You barely miss the goblin.
The goblin hits you with a +0 club.
* * * LOW HITPOINT WARNING * * *
Terence hits you with a +0 hand axe.
* * * LOW HITPOINT WARNING * * *
You hit Terence but do no damage.
Terence is lightly wounded.
You barely miss the goblin. The goblin hits you with a +0 club.
* * * LOW HITPOINT WARNING * * *
Terence barely misses you.
Unknown command.
You hit Terence but do no damage.
Terence is lightly wounded.
You hit the goblin. Terence hits you with a +0 hand axe.
You die...

Action                   || total
-------------------------++-------
Melee: Hand axe          ||    62
       Bite              ||     3
 Stab: Sleeping          ||     7
Armor: Robe              ||     5
Dodge: Dodged            ||    34

Levels and vault maps discovered:
D:1:      lemuel_arrival_muddy, layout_loops_ring
D:2:      layout_rooms, basic_altar, minmay_misc_feat_square, uniq_terence,
          uniq_jessica

Notes
Turn   | Place    | Note
-------+----------+-------------------------------------------
     0 | D:1      | sanka the Gnoll Monk began the quest for the Orb.
     0 | D:1      | Reached XP level 1. HP: 23/23 MP: 1/1
   159 | D:1      | Reached XP level 2. HP: 27/29 MP: 2/2
  1014 | D:2      | Noticed Terence
  1019 | D:2      | Reached XP level 3. HP: 22/35 MP: 3/3
  1024 | D:2      | HP: 3/35 [goblin/+0 club (3)]
  1025 | D:2      | Slain by Terence

Vanquished Creatures
  2 dart slugs (D:1)
  2 bats (D:1)
  5 endoplasms
  A giant cockroach (D:1)
  2 hobgoblins (D:1)
  A quokka (D:1)
  2 ball pythons
  A frilled lizard (D:1)
  3 kobolds
  2 rats
21 creatures vanquished.
